 Dungeon Crawl Stone Soup version 0.27-a0-13-g87abb2d9eb (webtiles) character file.

Game seed: 10760947449197882998

6739 dickylongcocking the Thaumaturge (level 10, -4/64 (69) HPs)
             Began as a Purple Draconian Ice Elementalist on Jan 2, 2021.
             Was a Priest of Kikubaaqudgha.
             Killed from afar by Josephine (31 damage)
             ... with a ghostly fireball
             ... on level 10 of the Dungeon.
             The game lasted 00:15:10 (11651 turns).

dickylongcocking the Thaumaturge (DrIE)            Turns: 11651, Time: 00:15:11

HP:   -4/64 (69)    AC: 19    Str: 10    XL:     10   Next: 75%
MP:   1/34          EV: 16    Int: 19    God:    Kikubaaqudgha [***...]
Gold: 69            SH:  0    Dex: 14    Spells: 5/31 levels left

rFire    . . .     SeeInvis .   G - staff of cold
rCold    + . .     Faith    .   (no shield)
rNeg     . . .     Spirit   .   (armour unavailable)
rPois    .         Reflect  .   (helmet restricted)
rElec    .         Harm     .   M - +0 cloak
rCorr    .         Rampage  .   u - +0 pair of gloves
Will     +....                  r - +0 pair of boots
Stlth    ++........             v - amulet of magic regeneration
HPRegen  0.20/turn              a - +4 ring of evasion
MPRegen  0.49/turn              I - ring of magical power

@: icy armour, frozen ramparts, drained
A: breathe power, unfitting armour, agile 1, cold-blooded, AC +7
a: Breathe Dispelling Energy, Renounce Religion, Receive Corpses


You were on level 10 of the Dungeon.
You worshipped Kikubaaqudgha.
Kikubaaqudgha was most pleased with you.
You visited 1 branch of the dungeon, and saw 10 of its levels.

You collected 502 gold pieces.
You spent 433 gold pieces at shops.

Inventory:

Hand Weapons
 f - a +0 short sword
 q - a +3 spear
 w - a +1 whip of freezing
 B - a +3 dagger
 H - a +7 spear of venom
Armour
 r - a +0 pair of boots (worn)
 u - a +0 pair of gloves (worn)
 M - a +0 cloak (worn)
Magical Staves
 G - an uncursed staff of cold (weapon)
Jewellery
 a - a +4 ring of evasion (left hand)
 c - a -4 ring of strength
 h - an uncursed ring of protection from fire
 l - an uncursed amulet of guardian spirit
 t - an uncursed ring of flight
 v - an amulet of magic regeneration (around neck)
 C - an uncursed ring of stealth
 F - a +6 ring of dexterity
 I - a ring of magical power (right hand)
Wands
 b - a wand of digging (12)
 m - a wand of polymorph (11)
 O - a wand of flame (9)
Scrolls
 e - 3 scrolls of teleportation
 k - a scroll of amnesia
 n - 3 scrolls of remove curse
 p - a scroll of immolation
 s - a scroll of magic mapping
 y - 2 scrolls of blinking
 z - 2 scrolls of brand weapon
 E - a scroll of enchant weapon
 Q - a scroll of identify
Potions
 d - a potion of lignification {unknown}
 g - 4 potions of mutation
 i - 4 potions of invisibility {unknown}
 j - 4 potions of curing
 o - 5 potions of heal wounds
 x - a potion of flight
 A - a potion of cancellation
 D - 2 potions of magic
 J - a potion of attraction {unknown}
 K - a potion of ambrosia {unknown}
 L - a potion of haste {unknown}
 N - a potion of might {unknown}
 P - a potion of brilliance {unknown}


   Skills:
 - Level 1.7 Dodging
 - Level 1.7 Stealth
 * Level 11.3 Spellcasting
 - Level 4.5 Summonings
 * Level 9.0 Necromancy
 - Level 9.0 Ice Magic


You had 5 spell levels left.
You knew the following spells:

 Your Spells              Type           Power        Failure   Level
a - Freeze                Ice            100%         1%          1
b - Summon Ice Beast      Ice/Summ       53%          4%          4
c - Corpse Rot            Necr/Air       N/A          1%          2
d - Vampiric Draining     Necr           22%          1%          3
e - Simulacrum            Ice/Necr       30%          24%         6
f - Frozen Ramparts       Ice            100%         1%          3
g - Dispel Undead         Necr           45%          1%          4
o - Ozocubu's Armour      Ice            61%          1%          3

Your spell library contained the following spells:

 Spells                   Type           Power        Failure   Level
 Pain                     Necr           100%         1%          1
 Sublimation of Blood     Necr           22%          1%          2
 Agony                    Necr           45%          4%          5
 Excruciating Wounds      Necr           22%          4%          5
 Beastly Appendage        Tmut           20%          6%          1
 Wereblood                Tmut           10%          10%         2
 Hailstorm                Conj/Ice       41%          10%         4
 Ice Form                 Ice/Tmut       41%          10%         4
 Spider Form              Tmut/Pois      5%           19%         3
 Blade Hands              Tmut           5%           87%         5
 Death Channel            Necr           22%          24%         6


Dungeon Overview and Level Annotations

Branches:
Dungeon (10/15)            Temple (0/1) D:4            Lair (0/6) D:9
    Orc: D:9-12

Altars:
Fedhas
Kikubaaqudgha
Nemelex Xobeh
Trog
Uskayaw
Xom
Zin

Shops:
D:5 [   D:6 !   D:8 *   D:9 :

Annotations:
D:10 Josephine


Innate Abilities, Weirdness & Mutations

You can breathe bolts of dispelling energy.
Your rich purple scales are hard. (AC +7)
You cannot fit into any form of body armour.
You are cold-blooded and may be slowed by cold attacks.
You are agile. (Dex +2)


Message History

Confirm with . or Enter, or press ? or * to list all spells.
Aiming: Vampiric Draining (safe; 1% risk of failure)
Press: ? - help, Shift-Dir - straight line, f/p - Josephine
Aim: Josephine, wielding a +0 dagger and wearing a +0 robe (heavily wounded) Nothing appears to happen.
The wall freezes Josephine!
Josephine is infused with unholy energy.
Josephine draws life force from you and is healed!
Unknown command.
Unknown command.
Casting: Vampiric Draining (safe; 1% risk of failure)
Confirm with . or Enter, or press ? or * to list all spells.
Aiming: Vampiric Draining (safe; 1% risk of failure)
Press: ? - help, Shift-Dir - straight line, f/p - Josephine
Aim: Josephine, wielding a +0 dagger and wearing a +0 robe (heavily wounded) Nothing appears to happen.
The wall freezes Josephine.
Josephine gestures at you while chanting.
The ghostly flame explodes!
The ghostly fireball engulfs you!!
You feel drained.
You die...
Kikubaaqudgha rasps: "You have failed me!
Welcome... death!"

## ########+## ..
#.........# . ###
#.......#.##.#
.....######.......#..#.#####
.?....[.†.@†........†.......
.....######@......##.#.###.#
... #†......##.#.# .
#....(..##.#.# #
#.......##.<.###.#
###.#######....... #.#
#...##.# #.# ##..# .# #..#
#######..##


You could see Josephine.

Vanquished Creatures
  Pikel (D:5)
  A troll (D:9)
  A hornet (D:9)
  4 wraiths (D:10)
  A wyvern (D:6)
  8 yaks (D:9)
  2 water moccasins
  An orc warrior (D:9)
  2 sky beasts (D:9)
  An ice beast (D:9)
  2 black bears
  An ogre (D:4)
  A phantom (D:4)
  4 centaurs
  A lemure (D:5)
  2 big kobolds
  7 bullfrogs
  2 gnoll sergeants
  A water moccasin zombie (D:6)
  A scorpion (D:9)
  6 killer bees (D:10)
  A howler monkey (D:6)
  A bullfrog zombie (D:5)
  2 orc priests
  3 jellies
  2 hounds
  4 iguanas
  Terence (D:3)
  7 orc wizards
  3 worker ants
  A hound skeleton (D:6)
  A worker ant zombie (D:5)
  13 gnolls
  10 adders
  2 shadow imps
  3 white imps
  An ufetubus (D:7)
  2 oozes
  An adder zombie (D:5)
  4 worms
  3 dart slugs
  A leopard gecko (D:9)
  21 orcs
  5 giant cockroaches
  4 goblins
  4 hobgoblins
  12 jackals
  9 kobolds
  3 quokkas
  7 bats
  4 frilled lizards
  A leopard gecko skeleton (D:4)
  2 leopard gecko zombies
  10 rats
198 creatures vanquished.

Vanquished Creatures (collateral kills)
  An orc warrior (D:7)
  A black bear (D:9)
  2 phantoms
  2 ice beasts (D:7)
  An ogre (D:5)
  A centaur (D:9)
  2 lemures (D:5)
  A bullfrog (D:7)
  A howler monkey (D:5)
  A centaur zombie (D:7)
  A bullfrog zombie (D:7)
  A white imp (D:8)
  An orc (D:7)
  A jackal (D:7)
17 creatures vanquished.

Grand Total: 215 creatures vanquished

Notes
Turn   | Place    | Note
-------+----------+-------------------------------------------
     0 | D:1      | dickylongcocking the Draconian Ice Elementalist began the
                  | quest for the Orb.
     0 | D:1      | Reached XP level 1. HP: 14/14 MP: 3/3
   193 | D:1      | Reached XP level 2. HP: 20/20 MP: 1/5
   439 | D:1      | You fall into a shaft and drop 1 floor!
   770 | D:2      | Reached skill level 5 in Ice Magic
   770 | D:2      | Reached XP level 3. HP: 26/26 MP: 0/6
  1488 | D:3      | Noticed Terence
  1495 | D:3      | Killed Terence
  1496 | D:3      | Reached XP level 4. HP: 21/33 MP: 1/7
  1656 | D:3      | Learned a level 3 spell: Frozen Ramparts
  2099 | D:3      | Found an ancient bone altar of Kikubaaqudgha.
  2790 | D:4      | Noticed a gnoll sergeant
  2796 | D:4      | Reached XP level 5. HP: 14/38 MP: 4/8
  3113 | D:4      | Gained mutation: Your spells are a little easier to cast,
                  | but a little less powerful. [potion of mutation]
  3113 | D:4      | Lost mutation: Your spells are a little easier to cast, but
                  | a little less powerful. [potion of mutation]
  3113 | D:4      | Gained mutation: You are agile. (Dex +2) [potion of
                  | mutation]
  3117 | D:4      | Reached XP level 6. HP: 14/45 MP: 2/9
  3438 | D:4      | Learned a level 4 spell: Summon Ice Beast
  3681 | D:4      | Reached skill level 1 in Summonings
  4080 | D:4      | Found a shimmering altar of Xom.
  4152 | D:4      | Reached skill level 3 in Spellcasting
  4304 | D:4      | Your scales start taking on a rich purple colour.
  4304 | D:4      | Reached XP level 7. HP: 50/50 MP: 8/12
  4410 | D:3      | Became a worshipper of Kikubaaqudgha
  4474 | D:4      | Found a staircase to the Ecumenical Temple.
  4836 | D:5      | Entered Level 5 of the Dungeon
  4866 | D:5      | Reached skill level 4 in Spellcasting
  5208 | D:5      | Found Toes's Armour Emporium.
  5277 | D:5      | Bought a +0 pair of gloves for 49 gold pieces
  5617 | D:5      | Noticed Pikel
  5734 | D:5      | Killed Pikel
  5735 | D:5      | Reached skill level 5 in Spellcasting
  5735 | D:5      | Reached XP level 8. HP: 23/57 MP: 2/16
  5970 | D:5      | Learned a level 3 spell: Ozocubu's Armour
  6090 | D:5      | Reached * piety under Kikubaaqudgha
  6090 | D:5      | Identified Kikubaaqudgha's Volume of Evil (Kikubaaqudgha
                  | gifted it to you on level 5 of the Dungeon)
  6090 | D:5      | Received a gift from Kikubaaqudgha
  6221 | D:6      | Reached skill level 6 in Spellcasting
  6256 | D:6      | Reached skill level 1 in Necromancy
  7082 | D:6      | Found Kisiev's Distillery.
  7086 | D:6      | Bought 2 potions of heal wounds for 130 gold pieces
  7086 | D:6      | Bought a potion of magic for 104 gold pieces
  7232 | D:7      | Reached skill level 7 in Spellcasting
  7558 | D:7      | Reached XP level 9. HP: 49/62 MP: 2/19
  8088 | D:8      | Reached ** piety under Kikubaaqudgha
  8098 | D:8      | Reached skill level 8 in Spellcasting
  8239 | D:8      | Reached skill level 5 in Necromancy
  8600 | D:8      | Found Nobepoz's Assorted Antiques.
  8608 | D:8      | Bought a potion of heal wounds for 150 gold pieces
  8875 | D:8      | Found Cuavo's Antique Armour Shoppe.
  8938 | D:8      | Found a glowing silver altar of Zin.
  8982 | D:8      | Found a blossoming altar of Fedhas.
  9202 | D:8      | Learned a level 2 spell: Corpse Rot
  9270 | D:9      | Reached skill level 9 in Spellcasting
  9287 | D:9      | Found a bloodstained altar of Trog.
  9295 | D:9      | HP: 2/62 [centaur/arrow (10)]
  9500 | D:9      | Learned a level 3 spell: Vampiric Draining
  9825 | D:9      | Reached XP level 10. HP: 59/69 MP: 23/23
  9834 | D:9      | Reached skill level 10 in Spellcasting
  9879 | D:9      | Found a hide-covered altar of Uskayaw.
  9909 | D:9      | Found Qukkinal's Book Boutique.
  9966 | D:9      | Found a staircase to the Lair.
 10065 | D:9      | Identified a scroll of acquirement
 10175 | D:9      | Acquired an uncursed staff of cold
 10772 | D:9      | Found a sparkling altar of Nemelex Xobeh.
 11351 | D:10     | Entered Level 10 of the Dungeon
 11516 | D:10     | Reached skill level 11 in Spellcasting
 11516 | D:10     | Reached *** piety under Kikubaaqudgha
 11516 | D:10     | Identified Kikubaaqudgha's Tome of Dark Rites
                  | (Kikubaaqudgha gifted it to you on level 10 of the Dungeon)
 11516 | D:10     | Received a gift from Kikubaaqudgha
 11593 | D:10     | Learned a level 6 spell: Simulacrum
 11612 | D:10     | Noticed Josephine
 11629 | D:10     | Learned a level 4 spell: Dispel Undead
 11651 | D:10     | Killed from afar by Josephine

Illustrated notes

Levels and vault maps discovered:
D:1:      dpeg_arrival_orchard, layout_basic, minmay_pentomino_s4
D:2:      layout_basic
D:3:      layout_basic, marbit_many_paths, uniq_terence
D:4:      minmay_door_path, layout_cave_pods, general_overflow_altar,
          temple_green, lightli_minifort
D:5:      layout_basic, serial_shops, shop_fountains, uniq_pikel
D:6:      layout_basic, serial_shops, shop
D:7:      layout_cave_pools, kennysheep_small_square
D:8:      layout_loops_ring, kennysheep_mini_moat, fedhas_ov_isle_minmay,
          serial_shops, shop, shop, kennysheep_generic_room_9
D:9:      layout_basic, nemelex_altar_shiori, trog_ov_bears_minmay,
          kennysheep_mini, dpeg_oklobed_lair, serial_shops, shop,
          dk_noncrumbling_4
D:10:     layout_basic, erik_orc_3, uniq_josephine

Skill      XL: |  1  2  3  4  5  6  7  8  9 10 |
---------------+-------------------------------+-----
Ice Magic      | 5 6 7 8 9 |  9.0
Summonings     | 2 4 |  4.5
Spellcasting   | 3 5 7 9 11 | 11.3
Necromancy     | 3 7 9 |  9.0
Dodging        | |  1.7
Stealth        | |  1.7

Action                   |  1- 3 |  4- 6 |  7- 9 | 10-12 || total
-------------------------+-------+-------+-------+-------++-------
Melee: Unarmed           |    11 |       |       |       ||    11
       Short sword       |    15 |    26 |       |       ||    41
       Tailslap          |     2 |     3 |    32 |     6 ||    43
       Spear             |       |    32 |   158 |    21 ||   211
       Dagger            |       |       |    81 |       ||    81
       Staff             |       |       |       |    34 ||    34
 Cast: Freeze            |    52 |    25 |     8 |     3 ||    88
       Frozen Ramparts   |       |    14 |    45 |    23 ||    82
       Summon Ice Beast  |       |     2 |    21 |     7 ||    30
       Ozocubu's Armour  |       |       |    14 |     4 ||    18
       Vampiric Draining |       |       |     3 |     8 ||    11
       Dispel Undead     |       |       |       |     4 ||     4
       Simulacrum        |       |       |       |     1 ||     1
Invok: Receive Corpses   |       |       |       |     2 ||     2
 Abil: Breathe Dispellin |       |       |     1 |       ||     1
Evoke: Wand              |       |     2 |       |       ||     2
  Use: Potion            |       |     2 |     3 |       ||     5
       Scroll            |       |     4 |    10 |     4 ||    18
 Stab: Sleeping          |     1 |     1 |       |       ||     2
       Distracted        |       |       |     3 |       ||     3
Armor: Skin              |    10 |    15 |    75 |    28 ||   128
Dodge: Dodged            |    68 |    66 |   234 |    76 ||   444

Table legend: (Time is in decaauts)
 A = Elapsed time spent in this place.
 B = Non-inter-level travel time spent in this place.
 C = Inter-level travel time spent in this place.
 D = Time resting spent in this place.
 E = Time spent auto-exploring this place.
 F = Levels seen in this place.
 G = Mean time per level.
                   A        B        C        D        E       F      G
               +--------+--------+--------+--------+--------+-----+--------+
         Total |  11683 |  11323 |    360 |   2376 |   7264 |  10 | 1168.3 |
       Dungeon |  11683 |  11323 |    360 |   2376 |   7264 |  10 | 1168.3 |
               +--------+--------+--------+--------+--------+-----+--------+

Top non-repeatable levels by time:
     D:9: 2111 daAuts
     D:4: 2033 daAuts
     D:5: 1358 daAuts
     D:3: 1320 daAuts
     D:8: 1172 daAuts
     D:2: 1049 daAuts
     D:7: 964 daAuts
     D:6: 929 daAuts
     D:1: 438 daAuts
    D:10: 304 daAuts
